Map: Eternal Empire LE

Players

Marton - Winner!

  • Race: Terran Terran
  • League: Platinum
  • Spawn Location: 7:00

Ratl

  • Race: Zerg Zerg
  • League: Silver
  • Spawn Location: 1:00

VOD

Have the link to the VOD?

Description

Time

  • Played on: Feb. 9, 2020, 11:36 a.m.
  • Length: 4:34
Show
View Real Time Build Order
Export as new Build Order

Marton Terran - Winner!

Build Orders: Gas First Reaper Expand 

Get SALT Encoding   

  12  0:02  SCV  
  13  0:17  Supply Depot  
  13  0:18  SCV  
  14  0:30  SCV  
  14  0:32  Refinery  
  15  0:41  Barracks  
  15  1:28  Reaper  
  15  1:29  Orbital Command  
  16  1:36  Command Center  
  16  1:55  SCV, Factory  
  17  2:10  Refinery  
  17  2:16  Barracks Reactor  
  17  2:28  Supply Depot  
  17  2:38  Hellion  
  18  2:53  Marine x2  
  20  3:00  Hellion  
  22  3:22  Command Center  
  22  3:30  SCV  
  23  3:38  Hellion  
  25  3:42  SCV, Barracks Tech Lab  
  25  3:46  Hellion  
  28  3:54  SCV  
  29  4:06  SCV  
Show
View Real Time Build Order
Export as new Build Order

Ratl Zerg 

Build Orders: Pool First 

Get SALT Encoding   

  12  0:04  Drone  
  13  0:21  Drone  
  13  0:27  Overlord  
  14  0:41  Spawning Pool  
  13  0:43  Drone  
  14  0:52  Overlord  
  14  0:55  Drone  
  15  1:17  Drone  
  16  1:30  Zergling x6  
  19  1:39  Queen  
  21  1:42  Zergling x2  
  22  1:58  Zergling x2  
  23  2:04  Zergling x2  
  24  2:27  Drone x2  
  26  2:42  Zergling x2  
  27  2:56  Zergling x4  
  26  3:20  Drone  
  25  3:46  Extractor  
  24  3:48  Extractor  
  24  3:52  Overlord  
  23  4:02  Hatchery  
  22  4:06  Overlord  
Tags
 
Add a new tag
Caveats
  • Supply blocks, unpowered buildings, or Contaminate may cause inaccurate times.
  • Supply counts are checked every 10 seconds.